 Dungeon Crawl Stone Soup version 0.29.1-15-g9cfb28693d (webtiles) character file.

Game seed: 5864623022062347855

12 hawla the Chiller (level 2, 0/20 HPs)
             Began as a Meteoran Ice Elementalist on Feb 22, 2023.
             Slain by a gnoll
             ... wielding a +0 spear
             ... led by a gnoll bouda
              (5 damage)
             ... on level 4 of the Dungeon.
             The game lasted 00:01:34 (235 turns).

hawla the Chiller (Meteoran Ice Elementalist)        Turns: 235, Time: 00:01:35

Health: 0/20       AC:  2    Str:  9    XL:     2   Next: 64%
Magic:  6/6        EV: 12    Int: 16    God:
Gold:   26         SH:  0    Dex: 14    Spells: 5/6 levels left

rFire   . . .      SeeInvis .   c - staff of earth
rCold   . . .      Faith    .   (no shield)
rNeg    . . .      Spirit   .   a - +0 robe
rPois   .          Reflect  .   (no helmet)
rElec   .          Harm     .   (no cloak)
rCorr   .          Rampage  .   (no gloves)
Will    .....                   (no boots)
Stlth   +.........              (no amulet)
HPRegen 0.06/turn               (no ring)
MPRegen 0.10/turn               (no ring)

@: silenced, glowing
A: sense surroundings 1, otherworldly, glowing, explore regen
a: no special abilities


You were on level 4 of the Dungeon.
You visited 1 branch of the dungeon, and saw 4 of its levels.

You collected 26 gold pieces.

Inventory:

Armour
 a - a +0 robe (worn)
Magical Staves
 c - a staff of earth (weapon)
Potions
 b - 2 potions of magic
 d - 2 potions of heal wounds {unknown}
 f - a potion of cancellation {unknown}


   Skills:
 - Level 2.4 Dodging
 - Level 1.4 Stealth
 - Level 2.6 Spellcasting
 - Level 4.3 Ice Magic
 + Level 1.5 Earth Magic
 + Level 1.5 Evocations


You had 5 spell levels left.
You knew the following spells:

 Your Spells              Type           Power      Damage    Failure   Level
a - Freeze                Ice            64%        1d8       3%          1

Your spell library contained the following spells:

 Spells                   Type           Power      Damage    Failure   Level
 Frozen Ramparts          Ice            32%        1d5       10%         3
 Ozocubu's Armour         Ice            16%        N/A       10%         3
 Sandblast                Erth           20%        2d7       11%         1
 Passwall                 Tmut/Erth      5%         N/A       22%         2
 Static Discharge         Conj/Air       2%         3-4/arc   28%         2
 Stone Arrow              Conj/Erth      12%        3d7       38%         3
 Hailstorm                Conj/Ice       9%         3d4       61%         4
 Lightning Bolt           Conj/Air       1%         1d12      99%         5
 Maxwell's Capacitive Co  Air            1%         ∞         100%        8


Dungeon Overview and Level Annotations

Branches:
Dungeon (4/15) Zot: 2164
 Temple: D:4-7

Altars:
Trog


Innate Abilities, Weirdness & Mutations

You passively map a small area around you.
You are easily found by Zot.
You glow in the dark.
You regain HP and MP as you explore.


Message History

Found 2 stones.
A gnoll comes into view. It is wielding a +0 spear.
The gnoll shouts!
You hear a shout!
The gnoll moves out of view.
The hobgoblin closely misses you.
A gnoll comes into view. It is wielding a +0 flail.
You hit the hobgoblin but do no damage. The hobgoblin hits you.
You hit the hobgoblin.
The hobgoblin is severely wounded.
The hobgoblin hits you. The gnoll barely misses you.
You hit the hobgoblin.
The hobgoblin is almost dead.
The hobgoblin hits you.
A gnoll comes into view. It is wielding a +0 halberd.
The gnoll barely misses you.
Unknown command.
Casting: Freeze (safe; 3% risk of failure)
Confirm with . or Enter, or press ? or * to list all spells.
Aiming: Freeze (safe; 3% risk of failure)
Press: ? - help, Shift-Dir - straight line, f - hobgoblin
Aim: a hobgoblin (almost dead)
You freeze the hobgoblin!
You kill the hobgoblin!
The gnoll shouts!
The gnoll hits you from afar with a +0 spear!
* * * LOW HITPOINT WARNING * * *
As you read the scroll labelled XABAMICEYRO, it crumbles to dust.
A profound silence engulfs you.
It was a scroll of silence.
The gnoll barely misses you.
A gnoll bouda comes into view. It is wielding a +0 whip.
The gnoll throws a throwing net.
The throwing net hits you.
You become entangled in the net!
You see here a throwing net.
You struggle against the net.
The gnoll hits you from afar with a +0 spear.
* * * LOW HITPOINT WARNING * * *
You struggle against the net.
The gnoll barely misses you.
You shred the net and break free!
The gnoll hits you from afar with a +0 spear.
You die...

....## ...<..
...............
......
.................
......,
.................
, , .####.
.................
.# *
..............g..
* .#
.................
.## * ,
.........g.....(.
..#
,.......@gg.....g.
.......
......#...........
###+####....
##.........., *
...#..#....**
#...#......
...#..#...
##..#####...
###'..+.. * #...#
**.. , .+.#..#.##
#..## . .#.#.^#..#
##..# , ,
.#.'##'..## #..##
, ,


You could see a gnoll bouda and 3 gnolls.

Vanquished Creatures
  An adder (D:2)
  An endoplasm (D:2)
  A hobgoblin (D:4)
  A ball python (D:2)
4 creatures vanquished.

Notes
Turn   | Place    | Note
-------+----------+-------------------------------------------
     0 | D:1      | hawla the Meteoran Ice Elementalist began the quest for the
                  | Orb.
     0 | D:1      | Reached XP level 1. HP: 14/14 MP: 5/5
    71 | D:2      | Reached skill level 1 in Earth Magic
    71 | D:2      | Reached skill level 1 in Evocations
    71 | D:2      | Reached XP level 2. HP: 20/20 MP: 3/6
   186 | D:4      | Found a bloodstained altar of Trog.
   235 | D:4      | Slain by a gnoll

Illustrated notes

Levels and vault maps discovered:
D:1:      reono_arrival_mine, layout_loops_ring, ebering_ecumenical_altar_box,
          nicolae_titane
D:2:      layout_rooms, chequers_jeans, amcnicky_mini_pool_small, uniq_jessica
D:3:      layout_loops_cross, grunt_gozag_statues, ashenzari_conservatory_becter
D:4:      layout_layer_cave, mainiacjoe_overflow_24_doors,
          mainiacjoe_overflow_tiny_flanked, enter_ossuary_2

Skill      XL: |  1 |
---------------+----+-----
Earth Magic    | 1 |  1.5
Evocations     | 1 |  1.5
Dodging        | |  2.4
Stealth        | |  1.4
Spellcasting   | |  2.6
Ice Magic      | |  4.3

Action                   || total
-------------------------++-------
Melee: Staff             ||     6
 Cast: Freeze            ||     5
  Use: Scroll            ||     2
Armor: Robe              ||     1
Dodge: Dodged            ||     8
